 Dungeon Crawl Stone Soup version 0.26-a0-257-g47e9e61525 (webtiles) character file.

Game seed: 4349891130831919874

60 Infinimo the Chiller (level 3, -1/24 HPs)
             Began as a Mummy Ice Elementalist on July 10, 2020.
             Slain by a worm (4 damage)
             ... on level 2 of the Dungeon.
             The game lasted 00:02:52 (1943 turns).

Infinimo the Chiller (Mummy Ice Elementalist)       Turns: 1943, Time: 00:02:53

Health: -1/24      AC:  4    Str: 11    XL:     3   Next: 82%
Magic:  0/8        EV: 12    Int: 15    God:
Gold:   31         SH:  0    Dex: 12    Spells: 8/9 levels left

rFire    x . .     SeeInvis .   h - +0 dagger
rCold    + . .     Faith    .   (no shield)
rNeg     + + +     Spirit   .   a - +0 robe
rPois    ∞         Reflect  .   f - +0 helmet
rElec    .         Harm     .   g - +0 cloak
rCorr    .                      (no gloves)
MR       .....                  (no boots)
Stlth    +++.......             (no amulet)
HPRegen  0.08/turn              b - ring of stealth
MPRegen  0.11/turn              (no ring)

@: very slightly contaminated
A: no food or potions, fire vulnerability, cold resistance 1, negative energy
resistance 3, torment resistance, unbreathing
a: no special abilities


You were on level 2 of the Dungeon.
You were not hungry.

You visited 1 branch of the dungeon, and saw 2 of its levels.

You collected 31 gold pieces.

Inventory:

Hand Weapons
 h - a +0 dagger (weapon)
Armour
 a - a +0 robe (worn)
 f - a +0 helmet (worn)
 g - a +0 cloak (worn)
Jewellery
 b - a ring of stealth (left hand)
Scrolls
 c - 3 scrolls of identify
 d - a scroll of remove curse


   Skills:
 - Level 1.5 Dodging
 - Level 1.5 Stealth
 + Level 3.7 Spellcasting
 * Level 4.2 Ice Magic


You had 8 spell levels left.
You knew the following spells:

 Your Spells              Type           Power        Failure   Level
a - Freeze                Ice            ###.         3%          1

Your spell library contained the following spells:

 Spells                   Type           Power        Failure   Level
 Frozen Ramparts          Ice            ###...       10%         3
 Ozocubu's Armour         Chrm/Ice       #.......     24%         3
 Hailstorm                Conj/Ice       #.......     61%         4
 Summon Ice Beast         Ice/Summ       #.......     61%         4


Dungeon Overview and Level Annotations

Branches:
Dungeon (2/15)

Altars:
Fedhas


Innate Abilities, Weirdness & Mutations

You do not eat or drink.
Your flesh is vulnerable to fire.
You are immune to poison.
Your flesh is cold resistant. (rC+)
You are immune to negative energy. (rN+++)
You are immune to unholy pain and torment.
You can survive without breathing.


Message History

Aim: a kobold, wielding a +0 whip You miscast Freeze.
Nothing appears to happen.
The kobold hits you with a +0 whip.
* * * LOW HITPOINT WARNING * * *
Casting: Freeze (safe; 3% risk of failure)
Confirm with . or Enter, or press ? or * to list all spells.
Aiming: Freeze (safe; 3% risk of failure)
Press: ? - help, Shift-Dir - straight line, f/p - kobold
Aim: a kobold, wielding a +0 whip You freeze the kobold!
You kill the kobold!
Casting: Freeze (safe; 3% risk of failure)
Confirm with . or Enter, or press ? or * to list all spells.
Aiming: Freeze (safe; 3% risk of failure)
Press: ? - help, Shift-Dir - straight line, f - worm
Aim: a worm (lightly wounded)
You freeze the worm.
The worm is moderately wounded.
The worm bites you.
You die...

....K.......#
#.#w#g#.#......#
...............#
.#.#w#K#......##
.........g.......
#.#.#.#.#g########
#.###........#
..#.#.###........######
.....gw@g..........!...
#.#.#w###..†.....#######
# #####.##.....!..
#.##........
#.##........
............<
............[
#..........###
#..........#


You could see 2 worms and 2 goblins.

Vanquished Creatures
  2 adders (D:2)
  A dart slug (D:1)
  6 bats
  2 giant cockroaches
  10 goblins
  6 hobgoblins
  A jackal (D:1)
  4 kobolds
  A ball python (D:2)
  A frilled lizard (D:1)
  5 rats
39 creatures vanquished.

Notes
Turn   | Place    | Note
-------+----------+-------------------------------------------
     0 | D:1      | Infinimo the Mummy Ice Elementalist began the quest for the
                  | Orb.
     0 | D:1      | Reached XP level 1. HP: 13/13 MP: 4/4
   522 | D:1      | Reached XP level 2. HP: 10/19 MP: 3/6
  1648 | D:2      | Reached XP level 3. HP: 24/24 MP: 5/7
  1714 | D:2      | Reached skill level 4 in Ice Magic
  1902 | D:2      | Found a blossoming altar of Fedhas.
  1943 | D:2      | Slain by a worm

Illustrated notes

Levels and vault maps discovered:
D:1:      psy_arrival_fountain, layout_loops_cross, grunt_decor_arrowhead,
          minmay_small_reverse_x
D:2:      layout_basic, overflow_temple_1_default, st_stairs_9

Skill      XL: |  1  2  3 |
---------------+----------+-----
Spellcasting   | 3 |  3.7
Ice Magic      | 4 |  4.2
Dodging        | |  1.5
Stealth        | |  1.5

Action                   || total
-------------------------++-------
Melee: Unarmed           ||    11
       Dagger            ||    12
 Cast: Freeze            ||    65
  Use: Scroll            ||     3
Armor: Robe              ||    23
Dodge: Dodged            ||    73

Table legend:
 A = Non-vault XP
 B = Vault XP
 C = Vault XP percentage of total XP
 D = Non-vault monster count
 E = Vault monster count
 F = Vault count percentage of total count
                 A         B        C        D         E       F
            +---------+---------+-------+---------+---------+-------
      Total |      76 |      11 |  12.6 |      33 |       6 |  15.4
            +---------+---------+-------+---------+---------+-------
        D:1 |      31 |       8 |  20.5 |      18 |       4 |  18.2
        D:2 |      45 |       3 |   6.2 |      15 |       2 |  11.8
            +---------+---------+-------+---------+---------+-------
